Map: Ephemeron LE

Players

Mez

  • Race: Terran Terran
  • League: Master
  • Spawn Location: 5:00

llllllllllll - Winner!

  • Race: Protoss Protoss
  • League: Master
  • Spawn Location: 11:00

VOD

Have the link to the VOD?

Description

Time

  • Played on: Aug. 23, 2019, 8:54 a.m.
  • Length: 8:00
Show
View Real Time Build Order
Export as new Build Order

Mez Terran 

Build Orders: Reaper Expand 

Get SALT Encoding   

  12  0:00  SCV  
  13  0:13  SCV  
  14  0:17  Supply Depot  
  14  0:25  SCV  
  15  0:38  SCV  
  15  0:40  Barracks  
  16  0:45  Refinery  
  16  0:50  SCV  
  17  1:02  SCV  
  18  1:15  SCV  
  19  1:30  Orbital Command, Reaper  
  20  1:43  Command Center  
  20  1:53  Bunker  
  20  1:57  SCV  
  21  2:04  Supply Depot, Marine  
  22  2:09  SCV  
  23  2:24  Barracks Reactor  
  23  2:26  SCV  
  24  2:42  Command Center  
  24  2:47  Factory  
  24  2:48  SCV  
  25  2:57  Orbital Command  
  24  3:01  Marine x2  
  26  3:05  SCV  
  26  3:09  Refinery  
  27  3:18  SCV  
  28  3:23  Marine x2  
  28  3:26  SCV  
  31  3:30  SCV  
  34  3:34  Widow Mine, Starport  
  34  3:38  SCV  
  35  3:43  SCV  
  35  3:45  Marine x2  
  38  3:52  SCV  
  40  3:55  SCV  
  40  3:56  Orbital Command  
  40  3:58  Factory Tech Lab  
  40  4:00  Refinery  
  40  4:09  Marine, SCV x2  
  42  4:10  Marine  
  42  4:12  Starport Tech Lab  
  44  4:21  SCV x2  
  44  4:22  Siege Tank  
  49  4:30  SCV  
  50  4:33  SCV x2  
  50  4:34  Supply Depot  
  50  4:35  Raven  
  50  4:37  Marine  
  50  4:38  Marine  
  56  4:42  SCV  
  57  4:45  SCV x2  
  57  4:51  Barracks  
  57  4:52  Barracks  
  59  4:54  SCV  
  59  4:56  Siege Tank  
  59  4:57  SCV  
  64  5:03  Marine x2  
  64  5:05  SCV  
  64  5:06  SCV  
  68  5:10  Refinery  
  68  5:13  Supply Depot  
  68  5:14  Supply Depot  
  68  5:16  SCV  
  69  5:25  Engineering Bay  
  69  5:26  Engineering Bay  
  69  5:29  Starport Reactor  
  69  5:34  Marine x2  
  69  5:35  SCV  
  72  5:43  Orbital Command  
  72  5:45  Factory Reactor  
  72  5:50  SCV  
  72  5:51  SCV  
  72  5:52  Barracks  
  72  5:55  Barracks  
  74  5:58  Supply Depot, Terran Infantry Armor Level 1, Terran Infantry Weapons Level 1  
  74  6:01  Supply Depot  
  74  6:11  Marauder x2, Marine x2  
  78  6:13  Stimpack  
  78  6:14  Combat Shield  
  78  6:15  Medivac x2  
  84  6:21  SCV x3  
  87  6:28  Supply Depot  
  87  6:29  Supply Depot  
  87  6:33  SCV x3  
  87  6:35  Marauder x2, Marine  
  87  6:39  Marine  
  96  6:40  Barracks Reactor  
  96  6:42  Barracks Tech Lab  
  96  6:45  Medivac x2, SCV  
  101  6:49  SCV  
  101  6:50  SCV  
  103  6:54  Armory  
  103  6:59  Supply Depot  
  103  7:00  Supply Depot  
  103  7:01  Supply Depot  
  103  7:12  Marine x2  
  103  7:13  Marauder x2, Marine  
  103  7:15  Widow Mine x2  
  99  7:24  Marine x2  
  91  7:30  Marine x2  
  91  7:31  Marauder  
  91  7:34  Marauder x2  
  91  7:36  Widow Mine x2  
  91  7:42  Marine x2  
Show
View Real Time Build Order
Export as new Build Order

llllllllllll Protoss - Winner!

Build Orders: 1 Gate Expand, Oracle Opening, Phoenix Opening 

Get SALT Encoding   

  12  0:00  Probe  
  13  0:13  Probe  
  14  0:17  Pylon  
  14  0:25  Probe  
  15  0:33  Probe  
  15  0:41  Gateway, Probe  
  17  0:51  Probe, Assimilator  
  18  1:03  Probe  
  19  1:15  Probe  
  20  1:29  Nexus  
  20  1:38  Cybernetics Core  
  20  1:40  Probe  
  20  1:46  Assimilator  
  21  1:52  Probe  
  22  2:00  Pylon  
  22  2:04  Probe  
  23  2:09  Adept  
  23  2:18  Probe  
  26  2:24  Stargate  
  26  2:30  Probe  
  27  2:38  Warp Gate, Adept  
  27  2:43  Probe  
  29  2:50  Probe  
  30  2:57  Probe  
  31  2:58  Probe  
  32  3:06  Probe  
  32  3:09  Probe  
  34  3:13  Oracle  
  34  3:22  Adept  
  39  3:27  Probe x2  
  39  3:33  Gateway  
  41  3:37  Pylon  
  41  3:41  Pylon  
  41  3:43  Probe x2  
  43  3:50  Phoenix  
  43  3:55  Probe x2  
  47  4:07  Probe  
  47  4:08  Probe  
  49  4:15  Phoenix  
  51  4:19  Probe  
  52  4:36  Nexus  
  52  4:37  Forge, Twilight Council  
  52  4:38  Pylon  
  52  4:39  Probe x2  
  52  4:42  Pylon  
  52  4:44  Phoenix  
  56  4:45  Protoss Ground Armor Level 1  
  56  4:51  Probe x2  
  58  4:55  Charge  
  58  5:03  Probe  
  58  5:04  Gateway  
  58  5:05  Gateway, Probe  
  60  5:15  Probe  
  60  5:19  Zealot, Sentry  
  65  5:21  Probe  
  66  5:33  Phoenix  
  68  5:39  Pylon  
  68  5:43  Gateway  
  68  5:45  Gateway  
  68  5:48  Probe  
  68  5:49  Probe  
  70  5:51  Gateway  
  70  5:54  Gateway  
  70  5:56  Pylon  
  70  5:58  Phoenix  
  70  6:00  Pylon  
  70  6:01  Gateway  
  70  6:04  Probe x2  
  74  6:11  Zealot x4  
  78  6:16  Probe x3  
  85  6:23  Pylon  
  85  6:27  Pylon  
  85  6:28  Probe  
  85  6:30  Pylon  
  86  6:34  Zealot x4  
  94  6:47  Zealot x2  
  94  6:48  Zealot  
  100  6:56  Zealot x6  
  110  7:17  Zealot x5  
  110  7:18  Zealot x4  
  106  7:46  Zealot x5  
  106  7:47  Zealot x4  
Tags
 
Add a new tag
Caveats
  • Supply blocks, unpowered buildings, or Contaminate may cause inaccurate times.
  • Supply counts are checked every 10 seconds.